 Dungeon Crawl Stone Soup version 0.29-a0-490-g77b3608bb8 (webtiles) character file.

Game seed: 15848693195311087942

378 dolemite99 the Cleaver (level 6, 0/50 HPs)
             Began as a Hill Orc Gladiator on May 27, 2022.
             Was a Priest of Fedhas.
             Splashed by a jelly's acid (1 damage)
             ... on level 4 of the Dungeon.
             The game lasted 00:04:03 (3804 turns).

dolemite99 the Cleaver (Hill Orc Gladiator)         Turns: 3804, Time: 00:04:03

Health: 0/50       AC:  8    Str: 19    XL:     6   Next: 74%
Magic:  3/9        EV: 10    Int:  8    God:    Fedhas [***...]
Gold:   237        SH:  3    Dex: 12    Spells: 5/5 levels left

rFire   + . .      SeeInvis .   a - +0 war axe
rCold   + . .      Faith    .   i - +0 buckler
rNeg    . . .      Spirit   .   g - +0 ring mail
rPois   +          Reflect  .   c - +1 helmet
rElec   +          Harm     .   (no cloak)
rCorr   +          Rampage  .   o - +0 pair of gloves
Will    .....                   (no boots)
Stlth   +.........              (no amulet)
HPRegen 0.16/turn               (no ring)
MPRegen 0.11/turn               (no ring)

@: resistant, attractive, hasted, very quick
A: no striking features
a: Renounce Religion, Wall of Briars, Grow Ballistomycete


You were on level 4 of the Dungeon.
You worshipped Fedhas.
Fedhas was most pleased with you.
You visited 1 branch of the dungeon, and saw 4 of its levels.

You collected 237 gold pieces.

Inventory:

Hand Weapons
 a - a +0 war axe (weapon)
Missiles
 d - 3 throwing nets (quivered)
 e - a javelin
 j - 2 boomerangs
Armour
 c - a +1 helmet (worn)
 g - a +0 ring mail (worn)
 i - a +0 buckler (worn)
 o - a +0 pair of gloves (worn)
Wands
 p - a wand of polymorph (10)
 q - a wand of charming (8)
Scrolls
 f - a scroll of teleportation
Potions
 b - a potion of lignification {unknown}
 m - a potion of invisibility {unknown}
 r - a potion of cancellation {unknown}
 s - 3 potions of brilliance {unknown}


   Skills:
 - Level 2.4 Fighting
 * Level 8.4 Axes
 - Level 1.7 Throwing
 - Level 2.4 Dodging
 + Level 4.4 Invocations


You had 5 spell levels left.
You didn't know any spells.
Your spell library was empty.

Dungeon Overview and Level Annotations

Branches:
Dungeon (4/15)
 Temple: D:4-7

Altars:
Cheibriados
Fedhas

Annotations:
D:4 Dowan


Message History

You closely miss the gnoll shaman. You hit Dowan. You block Dowan's attack.
You closely miss Dowan.
Dowan is moderately wounded.
You hit the gnoll shaman.
A gnoll comes into view. It is wielding a +0 spear.
The gnoll shaman closely misses you. Dowan hits you but does no damage.
The gnoll is attracted toward you.
You hit Dowan but do no damage.
Dowan is moderately wounded.
You closely miss the gnoll shaman. Dowan barely misses you.
The gnoll hits you but does no damage. The gnoll shaman completely misses you.
Unknown command.
A briar patch grows up from the ground.
You block Dowan's attack.
You walk carefully through the plants.
Dowan attacks as you move away! Dowan barely misses you.
An iguana comes into view.
The iguana hisses angrily.
A briar patch grows up from the ground. x2; Dowan closely misses you.
The iguana bites you!
* * * LOW HITPOINT WARNING * * *
The gnoll hits you from afar with a +0 spear.
* * * LOW HITPOINT WARNING * * *
Dowan hits your briar patch with a +0 dagger.
Dowan hits your briar patch but does no damage.
You block the iguana's attack.
A jelly comes into view.
The jelly is attracted toward you.
The jelly quivers.
Dowan hits your briar patch but does no damage.
The jelly is attracted toward you.
Dowan hits your briar patch but does no damage.
Found a chain mail.
Something hits your briar patch but does no damage.
It was a potion of resistance.
You feel protected.
Something hits your briar patch but does no damage.
The jelly barely misses you.
You hit the jelly.
Your hands burn!
You die...
Fedhas appreciates your contribution to the ecosystem.

#.#.#.[ ..
....... .....
....... §....
....... #.#.#
..... #.#.#
... #.#.####
#.##......+
#.@Jl.#####..
..
####PP.......
..##
##P##.####
....######e#
#.......##g#
#.......)).##
#.......###)+
. ......§.#
#.#.. #.
........#
#.##. #.


You could see an iguana and a jelly (ally target).

Vanquished Creatures
  Duvessa (D:4)
  An orc priest (D:4)
  A jelly (D:4)
  An orc wizard (D:4)
  Robin (D:2)
  7 gnolls
  3 adders (D:2)
  2 worms
  A dart slug (D:1)
  7 orcs
  9 ball pythons
  An endoplasm (D:1)
  5 giant cockroaches
  13 goblins
  4 hobgoblins (D:2)
  3 jackals (D:4)
  4 kobolds
  3 quokkas
  4 bats (D:2)
  3 frilled lizards (D:1)
  4 rats
78 creatures vanquished.

Vanquished Creatures (collateral kills)
  A rat (D:2)
1 creature vanquished.

Grand Total: 79 creatures vanquished

Notes
Turn   | Place    | Note
-------+----------+-------------------------------------------
     0 | D:1      | dolemite99 the Hill Orc Gladiator began the quest for the
                  | Orb.
     0 | D:1      | Reached XP level 1. HP: 18/18 MP: 1/1
   124 | D:1      | Reached XP level 2. HP: 24/25 MP: 2/2
   535 | D:1      | Reached skill level 5 in Axes
   586 | D:1      | Found a faded altar of an unknown god.
   597 | D:1      | Prayed at the altar of an unknown god.
   597 | D:1      | Became a worshipper of Fedhas Madash
   597 | D:1      | Reached * piety under Fedhas
   868 | D:2      | You fall into a shaft and drop 1 floor!
   920 | D:3      | Reached XP level 3. HP: 22/30 MP: 3/3
   921 | D:3      | Reached skill level 1 in Invocations
  1493 | D:2      | Reached skill level 6 in Axes
  1493 | D:2      | Reached XP level 4. HP: 37/37 MP: 5/5
  1918 | D:2      | Found a snail-covered altar of Cheibriados.
  1977 | D:2      | Reached ** piety under Fedhas
  2130 | D:2      | Noticed Robin
  2137 | D:2      | Killed Robin
  2415 | D:2      | Identified the +1 leather armour "Ajuc" {Dex+2}
  2430 | D:2      | Reached XP level 5. HP: 31/42 MP: 6/6
  3395 | D:4      | Reached skill level 7 in Axes
  3686 | D:4      | Reached *** piety under Fedhas
  3758 | D:4      | Reached XP level 6. HP: 47/50 MP: 8/8
  3760 | D:4      | Noticed Duvessa
  3776 | D:4      | Killed Duvessa
  3777 | D:4      | Reached skill level 8 in Axes
  3780 | D:4      | Noticed Dowan
  3798 | D:4      | HP: 1/50 [gnoll/+0 spear[a gnoll shaman] (6)]
  3804 | D:4      | Splashed by a jelly's acid

Illustrated notes

Levels and vault maps discovered:
D:1:      dpeg_chamrin_arrival_tetris, layout_loops_corners,
          shapermc_ecumenical_altar_gd, st_stairs_9, serial_bayou_pond_c
D:2:      layout_loops_cross, basic_altar, uniq_robin
D:3:      layout_basic, grunt_ministairs_2, kennysheep_minor_cross
D:4:      layout_basic, chequers_serial_rivers_micro_e, abandoned_shop,
          uniq_duvessa

Skill      XL: |  1  2  3  4  5  6 |
---------------+-------------------+-----
Axes           | 5 6 7 8 |  8.4
Invocations    | 1 2 3 4 |  4.4
Fighting       | |  2.4
Throwing       | |  1.7
Dodging        | |  2.4

Action                   |  1- 3 |  4- 6 || total
-------------------------+-------+-------++-------
Melee: War axe           |    52 |   173 ||   225
Invok: Wall of Briars    |       |     2 ||     2
  Use: Scroll            |     4 |     7 ||    11
       Potion            |       |     4 ||     4
Armor: Leather armour    |    16 |       ||    16
       Ring mail         |     1 |    70 ||    71
       Skin              |       |     2 ||     2
Dodge: Dodged            |    34 |    72 ||   106
Block: Buckler           |     3 |    24 ||    27

Table legend: (Time is in decaauts)
 A = Elapsed time spent in this place.
 B = Non-inter-level travel time spent in this place.
 C = Inter-level travel time spent in this place.
 D = Time resting spent in this place.
 E = Time spent auto-exploring this place.
 F = Levels seen in this place.
 G = Mean time per level.
                   A        B        C        D        E       F      G
               +--------+--------+--------+--------+--------+-----+--------+
         Total |   3846 |   3676 |    170 |   1017 |   1950 |   4 |  961.5 |
       Dungeon |   3846 |   3676 |    170 |   1017 |   1950 |   4 |  961.5 |
               +--------+--------+--------+--------+--------+-----+--------+

Top non-repeatable levels by time:
     D:2: 1550 daAuts
     D:1: 881 daAuts
     D:3: 857 daAuts
     D:4: 557 daAuts
